 Dungeon Crawl Stone Soup version 0.31-a0-818-ge7c7cf74f0 (webtiles) character file.

Game seed: 17948249767399899783

187 LeprechaunX the Changeling (level 5, -5/34 HPs)
             Began as an Octopode Shapeshifter on Sept 23, 2023.
             Slain by an iguana (14 damage)
             ... on level 4 of the Dungeon.
             The game lasted 00:03:47 (2684 turns).

LeprechaunX the Changeling (Octopode Shapeshifter)  Turns: 2684, Time: 00:03:48

Health: -5/34      AC:  1    Str: 16    XL:     5   Next: 66%
Magic:  6/6        EV: 13    Int: 12    God:
Gold:   185        SH:  5    Dex: 11    Spells: 3/6 levels left

rFire   . .          .
                       - Unarmed
rCold   . . .        (no shield)
rNeg    . . .        (helmet currently unavailable)
rPois   .            i - amulet of reflection
rElec   .            t - ring of see invisible
rCorr   .            (no ring)
SInv    +            (no ring)
Will    .....        (no ring)
Stlth   ++           (no ring)
HPRegen 0.25/turn    (no ring)
MPRegen 0.10/turn    (no ring)
                     (no ring)

%: reflection
@: beast-form
A: beast (slay +2), almost no armour, amphibious, 8 rings, camouflage 1,
gelatinous body 1, (nimble swimmer 1), tentacles
a: Begin Untransformation


You were on level 4 of the Dungeon.
You were a hulking beast.
You visited 1 branch of the dungeon, and saw 4 of its levels.

You collected 185 gold pieces.

Inventory:

Hand Weapons
 a - a +0 sling
Jewellery
 i - an amulet of reflection (around mantle)
 t - a ring of see invisible (left tentacle)
Talismans
 b - a beast talisman (active)
 c - a flux talisman
Wands
 q - a wand of charming (12)
Scrolls
 d - 3 scrolls of identify {unknown}
 f - a scroll of teleportation {unknown}
 g - a scroll of butterflies {unknown}
 k - 2 scrolls of enchant weapon {unknown}
 m - a scroll of vulnerability {unknown}
 o - a scroll of brand weapon {unknown}
 r - a scroll of blinking {unknown}
 u - a scroll of torment {unknown}
 v - a scroll of immolation {unknown}
Potions
 e - 2 potions of might {unknown}
 h - a potion of cancellation {unknown}
 j - a potion of attraction {unknown}
 l - a potion of heal wounds {unknown}
 n - a potion of lignification
 p - a potion of degeneration {unknown}
 s - a potion of brilliance {unknown}


   Skills:
 + Level 2.3 Fighting
 + Level 2.9 Dodging
 + Level 3.7 Unarmed Combat
 + Level 1.0 Spellcasting
 + Level 1.1 Hexes
 * Level 4.0 Shapeshifting


You had 3 spell levels left.
You knew the following spells:

 Your Spells              Type           Power      Damage    Failure   Level
a - Dazzling Flash        Conj/Hex       2%         N/A       58%         3

Your spell library contained the following spells:

 Spells                   Type           Power      Damage    Failure   Level
 Blink                    Tloc           0%         N/A       41%         2
 Inner Flame              Hex/Fire       1%         N/A       58%         3
 Ozocubu's Armour         Ice            0%         N/A       65%         3
 Manifold Assault         Tloc           0%         N/A       96%         4
 Agony                    Necr           0%         N/A       100%        5
 Silence                  Hex/Air        0%         N/A       100%        5
 Yara's Violent Unravell  Hex/Tmut       0%         3d3       100%        5
 Enfeeble                 Hex            1%         N/A       100%        7
 Ozocubu's Refrigeration  Ice            0%         4d7       100%        7


Dungeon Overview and Level Annotations

Branches:
Dungeon (4/15)
 Temple: D:4-7

Altars:


Innate Abilities, Weirdness & Mutations

You are a hulking beast.
Your limbs bulge with bestial killing power. (Slay +2)
You cannot wear most types of armour.
You are amphibious.
You can wear up to eight rings at the same time.
Your skin changes colour to match your surroundings (Stealth+).
Your rubbery body absorbs attacks. (AC +1, EV +1)
((You are camouflaged when in or above water. (Stealth+)))
You have tentacles for arms and can constrict up to eight enemies at once.


Message History

No target in view!
No target in view!
No target in view!
No target in view!
No target in view!
No target in view!
No target in view!
No target in view!
No target in view!
No target in view!
No target in view!
No target in view!
No target in view!
No target in view!
An iguana comes into view.
An iguana is nearby!
An iguana is nearby!
An iguana is nearby!
An orc comes into view. It is wielding a +0 hand axe.
The iguana bites you but does no damage.
An ice beast comes into view.
Things that are here:
a +0 club; a +0 chain mail; an iguana corpse The orc shouts!
You tentacle-slap the iguana. You grab the iguana.
The iguana is lightly wounded.
You constrict the iguana.
You hear a shout!
A quokka comes into view.
The iguana bites you!
You release your grip on the iguana.
An orc comes into view. It is wielding a +0 club.
Things that are here:
a +0 dagger; a +0 ring mail The iguana attacks as it pursues you!
You block the iguana's attack. The iguana attacks as it pursues you!
The iguana bites you!
* * * LOW HITPOINT WARNING * * *
There is a stone staircase leading up, spattered with blood here.
The iguana bites you!
You die...

#.......#.. ##.[......#
#.....###.#
##.....#..##
##.#.#.....###..
###..###).....#...
#.....#...........
##................
##..hl.....#..... .
###....).....##..###..r
#........o.Y##....Y.o..
###.........o..))#
##..............## ..
#..........####..#....
#.............(....##
##.........>...........
#...#........#.........


You could see an ice beast, an iguana and 2 orcs.

Vanquished Creatures
  An iguana (D:4)
  Ijyb (D:3)
  Natasha (D:2)
  4 adders
  A worm (D:3)
  4 dart slugs
  2 orcs (D:4)
  4 bats
  10 endoplasms
  A giant cockroach (D:1)
  5 goblins
  4 hobgoblins
  A quokka (D:2)
  5 ball pythons
  3 frilled lizards
  11 kobolds
  8 rats
66 creatures vanquished.

Notes
Turn   | Place    | Note
-------+----------+-------------------------------------------
     0 | D:1      | LeprechaunX the Octopode Shapeshifter began the quest for
                  | the Orb.
     0 | D:1      | Reached XP level 1. HP: 13/13 MP: 1/1
   142 | D:1      | Reached XP level 2. HP: 7/18 MP: 2/2
   239 | D:1      | You fall into a shaft and drop 1 floor!
   380 | D:2      | Reached XP level 3. HP: 15/23 MP: 3/3
  1226 | D:2      | Reached XP level 4. HP: 29/29 MP: 4/4
  1254 | D:2      | Learned a level 3 spell: Dazzling Flash
  1539 | D:2      | Noticed Natasha
  1544 | D:2      | Killed Natasha
  1706 | D:3      | Noticed Ijyb
  1742 | D:3      | Killed Ijyb
  1743 | D:3      | Reached XP level 5. HP: 4/34 MP: 5/5
  1748 | D:3      | HP: 1/34 [hobgoblin (2)]
  2298 | D:3      | Reached skill level 4 in Shapeshifting
  2660 | D:4      | Reached skill level 1 in Spellcasting
  2660 | D:4      | Reached skill level 1 in Hexes
  2672 | D:4      | Noticed an ice beast
  2684 | D:4      | Slain by an iguana

Illustrated notes

Levels and vault maps discovered:
D:1:      saegor_arrival_simple_e, layout_basic, st_stairs_9,
          minmay_split_cup_large
D:2:      layout_basic, kennysheep_generic_room_12, uniq_natasha
D:3:      layout_loops_ring, uniq_ijyb
D:4:      layout_cave_pools

Skill      XL: |  1  2  3  4  5 |
---------------+----------------+-----
Fighting       | 2 |  2.3
Shapeshifting  | 4 |  4.0
Spellcasting   | 1 |  1.0
Hexes          | 1 |  1.1
Dodging        | |  2.9
Unarmed Combat | |  3.7

Action                     |  1- 3 |  4- 6 || total
---------------------------+-------+-------++-------
  Melee: Unarmed           |    65 |    58 ||   123
         Constrict         |    15 |    12 ||    27
         Tentacles         |    16 |    13 ||    29
         Punch             |       |     3 ||     3
   Stab: Sleeping          |     6 |     8 ||    14
 Armour: Skin              |    23 |    28 ||    51
  Dodge: Dodged            |    29 |    26 ||    55
  Block: Other             |     2 |     5 ||     7
         Reflection        |       |     1 ||     1

Table legend: (Time is in decaauts)
 A = Elapsed time spent in this place.
 B = Non-inter-level travel time spent in this place.
 C = Inter-level travel time spent in this place.
 D = Time resting spent in this place.
 E = Time spent auto-exploring this place.
 F = Levels seen in this place.
 G = Mean time per level.
                   A        B        C        D        E       F      G
               +--------+--------+--------+--------+--------+-----+--------+
         Total |   2682 |   2627 |     55 |    127 |   2083 |   4 |  670.5 |
       Dungeon |   2682 |   2627 |     55 |    127 |   2083 |   4 |  670.5 |
               +--------+--------+--------+--------+--------+-----+--------+

Top non-repeatable levels by time:
     D:3: 901 daAuts
     D:1: 871 daAuts
     D:2: 836 daAuts
     D:4: 73 daAuts
